 Dungeon Crawl Stone Soup version 0.28-a0-691-gad6df49e81 (webtiles) character file.

Game seed: 11248760447614426769

2307 ytrimaz the Cleaver (level 9, -3/61 (64) HPs)
             Began as a Formicid Fighter on Oct 21, 2021.
             Was an Initiate of Hepliaklqana.
             Killed from afar by Maggie (19 damage)
             ... with a bolt of fire
             ... on level 7 of the Dungeon.
             The game lasted 00:12:35 (8247 turns).

ytrimaz the Cleaver (Formicid Fighter)              Turns: 8247, Time: 00:12:36

HP:   -3/61 (64)    AC: 10    Str: 24    XL:     9   Next: 68%
MP:   9/9           EV:  8    Int: 14    God:    Hepliaklqana [......]
Gold: 313           SH: 10    Dex: 16    Spells: 8/8 levels left

rFire   . . .      SeeInvis +   a - +0 war axe
rCold   . . .      Faith    .   c - +0 buckler
rNeg    . . .      Spirit   .   f - +0 chain mail
rPois   .          Reflect  +   (helmet unavailable)
rElec   .          Harm     .   k - +0 cloak
rCorr   +          Rampage  .   (no gloves)
Will    +....                   (no boots)
Stlth   ..........              b - amulet of reflection
HPRegen 0.20/turn               d - +6 ring of dexterity
MPRegen 0.11/turn               p - ring of the Jester {Will+ rCorr Int+6}

@: lightly drained
A: permanent stasis, dig shafts and tunnels, antennae 3, four strong arms
a: Dig, Shaft Self, Renounce Religion


You were on level 7 of the Dungeon.
You worshipped Hepliaklqana.
Hepliaklqana was noncommittal.
You visited 2 branches of the dungeon, and saw 8 of its levels.
You also visited: Sewer.

You collected 414 gold pieces.
You spent 101 gold pieces at shops.

Inventory:

Hand Weapons
 a - a +0 war axe (weapon)
Missiles
 s - 4 throwing nets
Armour
 c - a +0 buckler (worn)
 f - a +0 chain mail (worn)
 h - a +2 kite shield
 k - a +0 cloak (worn)
Jewellery
 b - an amulet of reflection (around neck)
 d - a +6 ring of dexterity (left hand)
 p - the ring of the Jester (right hand) {Will+ rCorr Int+6}
   (You found it on level 4 of the Dungeon)

   [ring of intelligence]

   Int:       It affects your intelligence (+6).
   rCorr:     It protects you from acid and corrosion.
   Will:      It increases your willpower.
 q - a +6 ring of dexterity
Wands
 m - a wand of digging (2)
 t - a wand of iceblast (6)
Scrolls
 e - 3 scrolls of noise
 g - 2 scrolls of amnesia
 r - 2 scrolls of enchant armour
 u - 2 scrolls of identify
Potions
 i - a potion of mutation
 j - 2 potions of degeneration
 l - a potion of magic
 n - 3 potions of flight
 o - 3 potions of curing


   Skills:
 - Level 3.2 Fighting
 + Level 12.4 Axes
 - Level 3.2 Armour
 - Level 3.6 Shields


You had 8 spell levels left.
You didn't know any spells.
Your spell library contained the following spells:

 Spells                   Type           Power      Damage    Failure   Level
 Beastly Appendage        Tmut           0%         N/A       91%         1
 Freeze                   Ice            0%         1d3       91%         1
 Magic Dart               Conj           0%         1d3       91%         1
 Sandblast                Erth           0%         2d4       91%         1
 Call Imp                 Summ           0%         N/A       97%         2
 Ensorcelled Hibernation  Hex/Ice        0%         N/A       97%         2
 Passwall                 Tmut/Erth      0%         N/A       97%         2
 Wereblood                Tmut           0%         N/A       97%         2
 Call Canine Familiar     Summ           0%         N/A       99%         3
 Dazzling Flash           Conj/Hex       0%         N/A       99%         3
 Frozen Ramparts          Ice            0%         1d2       99%         3
 Mephitic Cloud           Conj/Pois/Air  0%         N/A       99%         3
 Portal Projectile        Hex/Tloc       0%         N/A       99%         3
 Spider Form              Tmut/Pois      0%         N/A       99%         3
 Stone Arrow              Conj/Erth      0%         3d7       99%         3
 Fulminant Prism          Conj/Hex       0%         3d6       100%        4
 Hailstorm                Conj/Ice       0%         3d3       100%        4
 Iskenderun's Mystic Bla  Conj/Tloc      0%         2d3       100%        4
 Leda's Liquefaction      Hex/Erth       0%         N/A       100%        4
 Agony                    Necr           0%         N/A       100%        5
 Lee's Rapid Deconstruct  Erth           0%         3d5*      100%        5
 Silence                  Hex/Air        0%         N/A       100%        5


Dungeon Overview and Level Annotations

Branches:
Dungeon (7/15)             Temple (1/1) D:6           Sewer (visited)

Altars:
Ashenzari
Cheibriados
Dithmenos
Elyvilon
Fedhas
Gozag
Hepliaklqana
Kikubaaqudgha
Makhleb
Nemelex Xobeh
Okawaru
Qazlal
Ru
Sif Muna
Trog
Vehumet
Xom
Yredelemnul
Zin
The Shining One

Shops:
D:1 :*[?[   D:3 ?   D:4 :   D:5 !

Annotations:
D:7 Maggie


Innate Abilities, Weirdness & Mutations

You cannot be hasted, slowed, berserked, paralysed or teleported.
You can dig through walls and to a lower floor.
You have a pair of large antennae on your head. (SInv)
Your four strong arms can wield two-handed weapons with a shield.


Message History

You closely miss Maggie.
Maggie is heavily wounded.
Maggie points at you and mumbles some strange words.
The bolt of fire hits you!!
You slash Maggie!
Maggie is severely wounded.
You block Maggie's attack.
Unknown command.
Okay, then.
You slash Maggie!
Maggie is severely wounded.
You block Maggie's attack.
You barely miss Maggie.
Maggie is severely wounded.
You break out of your daze.
Maggie casts a spell.
Maggie attempts to bespell you! You resist.
You hit Maggie but do no damage.
Maggie is severely wounded.
Maggie hits you but does no damage.
You hit Maggie.
Maggie is severely wounded.
Maggie barely misses you.
You closely miss Maggie.
Maggie is severely wounded.
Maggie hits you with a +1 vorpal morningstar!
* * * LOW HITPOINT WARNING * * *
x2 Unknown command.
You slash Maggie!
Maggie is almost dead.
You barely miss Maggie.
Maggie is almost dead.
Maggie gestures wildly while chanting.
Maggie attempts to bespell you! You resist with almost no effort.
Unknown command.
You barely miss Maggie.
Maggie is almost dead.
Maggie gestures at you while chanting. The bolt of fire hits you!!
You die...

..# ##.# #....## ## #.# .#
####.# ...## #.# # #.##
...##.# ## #..# #....# .# #...
####..##### #.# #..>
#.........####.# ###.##
#........@[[...## #...##
#..)...##@###...#####.####
###.##.##<...#............
.(..........####........#####.
#####.......# ##......## ##
#.(.......# #.....รท# #
#.......... #......#
##......#.. ####.###
#.......... ..... #.)....##
##..##..


You could see Maggie.

Vanquished Creatures
  Eustachio (D:6)
  Edmund (D:4)
  3 water moccasins
  Duvessa (D:7)
  2 sky beasts
  2 necrophages
  An ogre (D:5)
  A centaur (D:3)
  A scorpion (D:6)
  A wyvern skeleton (D:7)
  Dowan (D:7)
  3 wights (D:7)
  A centaur zombie (D:7)
  4 hounds
  An orc priest (D:4)
  Crazy Yiuf (D:2)
  A gnoll shaman (D:6)
  A centaur skeleton (D:6)
  2 jellies
  Jessica (D:2)
  5 iguanas
  An orc wizard (D:4)
  A killer bee zombie (D:6)
  A hound zombie (D:5)
  A hound skeleton (D:4)
  A howler monkey skeleton (D:7)
  Robin (D:2)
  5 adders
  7 gnolls
  A river rat (D:5)
  A shadow imp (D:7)
  2 white imps
  An adder skeleton (D:4)
  A worm (D:5)
  3 dart slugs
  6 orcs
  2 ball pythons
  5 endoplasms
  15 giant cockroaches
  13 goblins
  6 hobgoblins
  7 kobolds
  4 quokkas
  11 bats
  7 rats
138 creatures vanquished.

Vanquished Creatures (others)
  2 fungi (D:2)
2 creatures vanquished.

Grand Total: 140 creatures vanquished

Notes
Turn   | Place    | Note
-------+----------+-------------------------------------------
     0 | D:1      | ytrimaz the Formicid Fighter began the quest for the Orb.
     0 | D:1      | Reached XP level 1. HP: 18/18 MP: 1/1
    25 | D:1      | Found Emyule's Magic Scroll Shoppe.
    66 | D:1      | Bought a scroll of noise for 11 gold pieces
   107 | D:1      | Found Riuck's Antique Armour Shoppe.
   126 | D:1      | Found Kanawais's Assorted Antiques.
   129 | D:1      | Reached XP level 2. HP: 24/24 MP: 2/2
   154 | D:1      | Found Esoit's Book Boutique.
   344 | D:1      | Reached skill level 3 in Axes
   353 | D:1      | Found Somoiss's Armour Boutique.
   623 | D:2      | Reached XP level 3. HP: 28/29 MP: 3/3
   690 | D:2      | Noticed Jessica
   703 | D:2      | Killed Jessica
   704 | D:2      | Reached skill level 4 in Axes
   704 | D:2      | Reached XP level 4. HP: 35/35 MP: 4/4
   884 | D:2      | Found a faded altar of an unknown god.
   919 | D:2      | Found a runed translucent door.
   920 | D:2      | Noticed Crazy Yiuf
   927 | D:2      | Killed Crazy Yiuf
  1454 | D:2      | Noticed Robin
  1464 | D:2      | Killed Robin
  1465 | D:2      | Reached XP level 5. HP: 35/41 MP: 5/5
  1724 | D:3      | Reached skill level 5 in Axes
  1894 | D:3      | Noticed an ogre
  1905 | D:3      | Noticed a centaur
  1930 | D:3      | Killed a centaur
  1931 | D:3      | Reached XP level 6. HP: 8/47 MP: 6/6
  2246 | D:3      | Reached skill level 6 in Axes
  2436 | D:3      | Found a stormy altar of Qazlal.
  2673 | D:3      | Found Jushrofri's Magic Scroll Shoppe.
  2682 | D:3      | Bought a scroll of identify for 24 gold pieces
  2682 | D:3      | Bought a scroll of identify for 24 gold pieces
  2682 | D:3      | Bought a scroll of magic mapping for 42 gold pieces
  3071 | D:4      | Found Tag Rebiu's Book Emporium.
  3240 | D:4      | Found a broken altar of Ashenzari.
  3267 | D:4      | Found an opulent altar of Gozag.
  3305 | D:4      | Noticed a necrophage
  3328 | D:4      | Killed a necrophage
  3329 | D:4      | Reached skill level 7 in Axes
  3329 | D:4      | Reached XP level 7. HP: 49/52 MP: 7/7
  3625 | D:4      | Identified the ring of the Jester {Will+ rCorr Int+6}
  3645 | D:4      | Noticed Edmund
  3659 | D:4      | Killed Edmund
  3964 | D:4      | Found a sparkling altar of Nemelex Xobeh.
  4368 | D:5      | Entered Level 5 of the Dungeon
  4377 | D:5      | Reached skill level 8 in Axes
  4459 | D:5      | Found Defey's Distillery.
  4532 | D:5      | Found a glowing drain.
  4542 | Sewer    | Entered a sewer
  4586 | Sewer    | Noticed a water moccasin
  4621 | Sewer    | Killed a water moccasin
  4622 | Sewer    | Reached XP level 8. HP: 21/58 MP: 8/8
  5029 | D:5      | Reached skill level 9 in Axes
  5695 | D:6      | Noticed Eustachio
  5735 | D:6      | Killed Eustachio
  5736 | D:6      | Reached skill level 10 in Axes
  6162 | D:5      | Reached XP level 9. HP: 47/64 MP: 9/9
  6304 | D:6      | Reached skill level 11 in Axes
  6710 | D:6      | Found a burning altar of Makhleb.
  6710 | D:6      | Found a shimmering blue altar of Sif Muna.
  6711 | D:6      | Found a staircase to the Ecumenical Temple.
  7079 | D:7      | Noticed Duvessa
  7080 | D:7      | Noticed Dowan
  7089 | D:7      | Killed Dowan
  7113 | D:7      | Killed Duvessa
  7132 | D:7      | Reached skill level 12 in Axes
  7807 | D:7      | Noticed Maggie
  7834 | D:6      | Found a shimmering altar of Xom.
  7834 | D:6      | Found a bloodstained altar of Trog.
  8092 | Temple   | Entered the Ecumenical Temple
  8185 | Temple   | Became a worshipper of Hepliaklqana the Forgotten
  8247 | D:7      | Killed from afar by Maggie

Illustrated notes

Levels and vault maps discovered:
D:1:      saegor_arrival_simple_a, layout_rooms, serial_shops, shop,
          nicolae_shop_waterfront, nicolae_square_shop, nicolae_lakefront_shop,
          shop, chequers_serial_rivers_micro_a
D:2:      layout_basic, shapermc_ecumenical_altar_mp_urbaneastern, serial_glass,
          glass_columns_b, glass_columns_b, glass_columns_b, glass_columns_b,
          uniq_robin, uniq_crazy_yiuf_cottage, uniq_jessica
D:3:      minmay_roachtagon, layout_basic, nicolae_qazlal_general_emergency,
          serial_shops, nicolae_lakefront_shop
D:4:      layout_loops_ring, lemuel_crystal_altar,
          mainiacjoe_overflow_six_doors_small, mainiacjoe_overflow_alcove_2,
          nicolae_inconvenience_store, chequers_serial_rivers_large_b,
          uniq_edmund
D:5:      layout_loops_ring, portal_sewer_entry_b, serial_shops,
          kennysheep_mini_moat
D:6:      layout_loops_cross, nicolae_overflow_hidden_temple, temple_statues,
          uniq_eustachio
D:7:      layout_rooms, glass_columns_c, uniq_maggie, uniq_duvessa
Temple:   nicolae_temple_hex_pool

Skill      XL: |  1  2  3  4  5  6  7  8  9 |
---------------+----------------------------+-----
Axes           | 3 4 5 7 8 10 12 | 12.4
Fighting       | |  3.2
Armour         | |  3.2
Shields        | |  3.6

Action                   |  1- 3 |  4- 6 |  7- 9 || total
-------------------------+-------+-------+-------++-------
Melee: War axe           |    45 |   152 |   338 ||   535
 Abil: Dig               |     2 |       |     6 ||     8
  Use: Scroll            |       |     5 |     6 ||    11
       Potion            |       |     2 |     5 ||     7
 Stab: Distracted        |       |     1 |       ||     1
Armor: Scale mail        |    31 |    13 |       ||    44
       Chain mail        |       |    76 |   125 ||   201
       Skin              |       |       |     8 ||     8
Dodge: Dodged            |    26 |    75 |   103 ||   204
Block: Buckler           |    10 |    39 |   116 ||   165
       Reflection        |       |       |     4 ||     4

Table legend: (Time is in decaauts)
 A = Elapsed time spent in this place.
 B = Non-inter-level travel time spent in this place.
 C = Inter-level travel time spent in this place.
 D = Time resting spent in this place.
 E = Time spent auto-exploring this place.
 F = Levels seen in this place.
 G = Mean time per level.
                   A        B        C        D        E       F      G
               +--------+--------+--------+--------+--------+-----+--------+
         Total |   8340 |   8024 |    316 |   2035 |   4068 |   9 |  926.7 |
       Dungeon |   7843 |   7548 |    295 |   1791 |   3973 |   7 | 1120.4 |
        Temple |    115 |     94 |     21 |      0 |     65 |   1 |  115.0 |
         Sewer |    380 |    380 |      0 |    244 |     30 |   1 |  380.0 |
               +--------+--------+--------+--------+--------+-----+--------+

Top non-repeatable levels by time:
     D:4: 1488 daAuts
     D:6: 1415 daAuts
     D:3: 1412 daAuts
     D:2: 1108 daAuts
     D:5: 1078 daAuts
     D:7: 768 daAuts
     D:1: 573 daAuts
   Sewer: 380 daAuts
  Temple: 115 daAuts
